 Dungeon Crawl Stone Soup version 0.24-a0-639-gb70a11d811 (webtiles) character file.

Game seed: 14390451488287593859, levelgen mode: deterministic

6189 Gynju the Cleaver (level 10, -1/88 HPs)
             Began as a Minotaur Fighter on Sept 23, 2019.
             Was an Elder of Trog.
             Slain by a cyclops (12 damage)
             ... on level 9 of the Dungeon.
             The game lasted 00:12:47 (10032 turns).

Gynju the Cleaver (Minotaur Fighter)               Turns: 10032, Time: 00:12:48

Health: -1/88      AC: 20    Str: 25    XL:     10   Next: 60%
Magic:  9/9        EV:  6    Int:  5    God:    Trog [****..]
Gold:   407        SH: 11    Dex:  9    Spells: 9/9 levels left

rFire    . . .     SeeInvis .   a - +1 war axe
rCold    . . .     Gourm    .   c - +0 shield
rNeg     . . .     Faith    .   v - +0 plate armour
rPois    +         Spirit   .   (helmet restricted)
rElec    .         Reflect  .   d - +2 cloak {rPois}
rCorr    .         Harm     .   D - +0 pair of gloves (curse)
MR       .....                  h - +1 pair of boots
Stlth    ..........             (no amulet)
HPRegen  0.24/turn              p - ring of flight
MPRegen  0.11/turn              (no ring)

@: no status effects
A: retaliatory headbutt, horns 2
a: Berserk, Trog's Hand, Brothers in Arms, Renounce Religion, Evoke Flight


You were on level 9 of the Dungeon.
You worshipped Trog.
Trog was greatly pleased with you.
You were near starving.

You visited 2 branches of the dungeon, and saw 10 of its levels.

You collected 407 gold pieces.

Inventory:

Hand Weapons
 a - a +1 war axe (weapon)
Armour
 c - a +0 shield (worn)
 d - a +2 cloak of poison resistance (worn)
 h - a +1 pair of boots (worn)
 v - a +0 plate armour (worn)
 D - a cursed +0 pair of gloves (worn)
Jewellery
 p - a ring of flight (left hand)
 E - a +1 ring of protection {unknown}
Wands
 b - a wand of digging (7)
 m - a wand of acid (7)
 s - a wand of random effects (26)
 x - a wand of polymorph (6)
 A - a wand of flame (37)
Scrolls
 e - a scroll of immolation {unknown}
 g - 3 scrolls of enchant weapon
 i - a scroll of remove curse {@r2}
 l - 7 scrolls of identify {@r1}
 q - 2 scrolls of blinking
 y - 2 scrolls of teleportation
 C - 4 scrolls of fog
 F - a scroll of summoning {unknown}
Potions
 j - 3 potions of magic
 k - 3 potions of invisibility
 n - a potion of resistance
 o - 2 potions of haste {unknown}
 r - 2 potions of heal wounds
 t - 4 potions of lignification
 u - a potion of mutation {unknown}
 w - 2 potions of curing {unknown}
 z - a potion of brilliance {unknown}
 B - 2 potions of agility
 G - a potion of flight {unknown}
Comestibles
 f - 13 rations


   Skills:
 + Level 8.1 Fighting
 * Level 14.1 Axes
 + Level 8.1 Armour
 + Level 8.1 Shields


You had 9 spell levels left.
You didn't know any spells.
Your spell library contained the following spells:

 Spells                   Type           Power        Failure   Level  Hunger
 Magic Dart               Conj           #...         100%        1    ##.....
 Blink                    Tloc           N/A          100%        2    ###....
 Call Imp                 Summ           #.......     100%        2    ###....
 Slow                     Hex            #.......     100%        2    ###....
 Conjure Flame            Conj/Fire      #.......     100%        3    ####...
 Mephitic Cloud           Conj/Pois/Air  #.......     100%        3    ####...


Dungeon Overview and Level Annotations

Branches:
Dungeon (9/15)             Temple (1/1) D:4
   Lair: D:8-11         Orc: D:9-12

Altars:
Ashenzari
Cheibriados
Dithmenos
Elyvilon
Fedhas
Gozag
Hepliaklqana
Kikubaaqudgha
Makhleb
Nemelex Xobeh
Okawaru
Qazlal
Ru
Sif Muna
Trog
Uskayaw
Vehumet
Wu Jian
Xom
Yredelemnul
Zin
The Shining One

Annotations:
D:7 2 transporters, Blork the orc
D:9 1 exclusion


Innate Abilities, Weirdness & Mutations

You reflexively headbutt those who attack you in melee.
You have a pair of horns on your head.


Message History

You are too injured to fight recklessly!
You are too injured to fight recklessly!
You are too injured to fight recklessly!
You are too injured to fight recklessly!
You are too injured to fight recklessly!
You are too injured to fight recklessly!
You are too injured to fight recklessly!
The cyclops throws a large rock.
The large rock hits you!!
You see here a large rock.
You slice the cyclops!!
You headbutt the cyclops, but do no damage.
The cyclops is moderately wounded.
The cyclops hits you!!
* * * LOW HITPOINT WARNING * * *
You hit the cyclops.
The cyclops is heavily wounded.
You slash the cyclops! You headbutt the cyclops.
The cyclops is severely wounded.
The cyclops hits you!
You die...

######## ####### .......# #......
.......# ########### #......
.......######.........#####......
.......'...('................####
.......######(........#####..#...
........# #.(.....(.#####..#..#
####....# #..(@C....##.....#..#
#....# #.........##.##..#..#
#....# ##.........##.#...#..#
###....## ..###########.##..#..#
#.......###.# #.....#..#
#.......# #.# #.....#..'
#.......###.###########.....#..#
#..>....'...................#..#
#.......#.#.###########.##..#..#


You could see a cyclops.

Vanquished Creatures
  A two-headed ogre (D:9)
  Pikel (D:7)
  Sigmund (D:2)
  Grum (D:8)
  3 water moccasins
  2 orc warriors
  2 necrophages
  2 ice beasts (D:8)
  A slave (D:7)
  2 sky beasts
  2 phantoms
  7 ogres
  3 wolves (D:8)
  A centaur (D:8)
  2 big kobolds
  2 bullfrogs
  A gnoll sergeant (D:8)
  9 killer bees
  9 wights
  7 howler monkeys
  4 crimson imps
  A centaur zombie (D:9)
  A quasit (D:8)
  A bullfrog zombie (D:5)
  9 hounds
  10 orc wizards
  2 centaur skeletons
  2 orc priests
  3 jellies
  Crazy Yiuf (D:3)
  A bullfrog skeleton (D:4)
  An iguana (D:8)
  Terence (D:2)
  3 worker ants
  A killer bee zombie (D:4)
  Robin (D:3)
  8 gnolls
  4 adders
  An adder zombie (D:8)
  An adder skeleton (D:9)
  3 worms
  4 dart slugs
  7 leopard geckos
  33 orcs
  2 ball pythons
  8 giant cockroaches
  14 goblins
  7 hobgoblins
  15 jackals
  2 quokkas
  12 bats
  4 frilled lizards
  23 kobolds
  4 rats
253 creatures vanquished.

Vanquished Creatures (others)
  2 slaves (D:7)
  A killer bee (D:7)
  A howler monkey (D:7)
  A hound skeleton (D:7)
  A gnoll (D:7)
6 creatures vanquished.

Grand Total: 259 creatures vanquished

Notes
Turn   | Place    | Note
-------+----------+-------------------------------------------
     0 | D:1      | Gynju the Minotaur Fighter began the quest for the Orb.
     0 | D:1      | Reached XP level 1. HP: 19/19 MP: 0/0
   202 | D:1      | Reached skill level 3 in Axes
   236 | D:1      | Reached XP level 2. HP: 26/26 MP: 1/1
   431 | D:1      | Reached skill level 4 in Axes
   694 | D:1      | Reached XP level 3. HP: 31/31 MP: 2/2
  1250 | D:2      | Noticed Terence
  1257 | D:2      | Killed Terence
  1257 | D:2      | Reached skill level 5 in Axes
  1257 | D:2      | Reached XP level 4. HP: 28/39 MP: 3/3
  1609 | D:2      | Found a sparkling altar of Nemelex Xobeh.
  1861 | D:2      | Noticed Sigmund
  1869 | D:2      | Killed Sigmund
  1869 | D:2      | Reached skill level 7 in Axes
  1869 | D:2      | Reached XP level 5. HP: 38/45 MP: 4/4
  2280 | D:3      | Reached XP level 6. HP: 51/51 MP: 5/5
  2375 | D:3      | Reached skill level 8 in Axes
  2471 | D:3      | Found a stormy altar of Qazlal.
  2533 | D:3      | Noticed Robin
  2542 | D:3      | Killed Robin
  2793 | D:3      | Found a runed translucent door.
  2794 | D:3      | Noticed Crazy Yiuf
  3093 | D:3      | Killed Crazy Yiuf
  3310 | D:4      | Found a glowing golden altar of the Shining One.
  3457 | D:4      | Reached skill level 9 in Axes
  3496 | D:4      | Found a staircase to the Ecumenical Temple.
  3534 | Temple   | Entered the Ecumenical Temple
  3731 | Temple   | Became a worshipper of Trog the Wrathful
  3816 | D:4      | Reached XP level 7. HP: 57/57 MP: 6/6
  4067 | D:5      | Entered Level 5 of the Dungeon
  4196 | D:5      | Found an iron altar of Okawaru.
  4632 | D:5      | Reached skill level 10 in Axes
  5261 | D:5      | Found a snail-covered altar of Cheibriados.
  5343 | D:6      | Found a blossoming altar of Fedhas.
  5424 | D:6      | Reached skill level 11 in Axes
  5424 | D:6      | Reached XP level 8. HP: 66/66 MP: 7/7
  5428 | D:6      | Reached * piety under Trog
  5512 | D:6      | Found a shimmering altar of Xom.
  6296 | D:7      | Noticed Pikel
  6315 | D:7      | Killed Pikel
  6315 | D:7      | Reached skill level 5 in Fighting
  6315 | D:7      | Reached skill level 12 in Axes
  6315 | D:7      | Reached skill level 5 in Armour
  6315 | D:7      | Reached skill level 5 in Shields
  6323 | D:7      | Reached XP level 9. HP: 60/74 MP: 8/8
  6521 | D:7      | Noticed Blork the orc
  6540 | D:7      | Found a shimmering blue altar of Sif Muna.
  6627 | D:7      | Found a transporter.
  6915 | D:7      | Found a transporter.
  6919 | D:7      | Reached ** piety under Trog
  6927 | D:7      | Noticed a kobold demonologist
  7682 | D:8      | Reached skill level 13 in Axes
  7731 | D:8      | Found a hazy altar of Hepliaklqana.
  7957 | D:8      | Reached *** piety under Trog
  7973 | D:8      | Reached XP level 10. HP: 80/86 MP: 9/9
  8041 | D:8      | Noticed Grum
  8394 | D:8      | Found a sacrificial altar of Ru.
  8475 | D:8      | Killed Grum
  9513 | D:9      | Noticed a two-headed ogre
  9522 | D:9      | Killed a two-headed ogre
  9522 | D:9      | Reached skill level 14 in Axes
  9772 | D:9      | Reached **** piety under Trog
 10024 | D:9      | Noticed a cyclops
 10032 | D:9      | Slain by a cyclops

Levels and vault maps discovered:
D:1:      dpeg_arrival_snail, layout_basic
D:2:      layout_basic, nemelex_altar_shiori, guppyfry_early_lair_pool,
          uniq_sigmund, uniq_terence
D:3:      layout_basic, nicolae_qazlal_general_emergency, first_ration,
          uniq_robin, uniq_crazy_yiuf_cottage
D:4:      layout_loops_cross, lemuel_doored_altar, minmay_temple_entry_hall,
          serial_glass, glass_columns_b, glass_columns_b
D:5:      layout_gridville, kennysheep_mini, slow_altar_2
D:6:      layout_loops_ring, xom_teletrap_fun, lemuel_round_altar,
          minmay_pentangle
D:7:      gammafunk_wand_slinger, layout_loops_ring, tgw_sif,
          nicolae_ossuary_entry_false_entrances, uniq_pikel
D:8:      layout_loops_cross, lemuel_crystal_altar, basic_altar, uniq_grum
D:9:      layout_basic
Temple:   dshaligram_water_room_temple

Skill      XL: |  1  2  3  4  5  6  7  8  9 10 |
---------------+-------------------------------+-----
Axes           | 3 4 5 7 9 11 12 13 14 | 14.1
Fighting       | 4 5 7 8 |  8.1
Armour         | 4 5 7 8 |  8.1
Shields        | 4 5 7 8 |  8.1

Action                   |  1- 3 |  4- 6 |  7- 9 | 10-12 || total
-------------------------+-------+-------+-------+-------++-------
Melee: War axe           |    98 |   149 |   410 |   137 ||   794
       Headbutt          |     7 |    18 |    63 |    26 ||   114
  Use: Potion            |       |     1 |       |       ||     1
       Scroll            |       |       |    13 |       ||    13
  Eat: Chunk             |     1 |     8 |    14 |     5 ||    28
Armor: Scale mail        |    36 |    50 |       |       ||    86
       Plate armour      |       |    33 |   214 |    85 ||   332
Dodge: Dodged            |    35 |    40 |    57 |    29 ||   161
Block: Shield            |    51 |    79 |   160 |    85 ||   375

Table legend:
 A = Non-vault XP
 B = Vault XP
 C = Vault XP percentage of total XP
 D = Non-vault monster count
 E = Vault monster count
 F = Vault count percentage of total count
                 A         B        C        D         E       F
            +---------+---------+-------+---------+---------+-------
      Total |    7373 |    1469 |  16.6 |     231 |      21 |   8.3
            +---------+---------+-------+---------+---------+-------
        D:1 |      62 |       0 |   0.0 |      29 |       0 |   0.0
        D:2 |      50 |     248 |  83.2 |      25 |       2 |   7.4
        D:3 |     110 |      74 |  40.2 |      22 |      12 |  35.3
        D:4 |     253 |       0 |   0.0 |      15 |       0 |   0.0
        D:5 |     445 |       4 |   0.9 |       9 |       1 |  10.0
        D:6 |     959 |      34 |   3.4 |      28 |       1 |   3.4
        D:7 |    1792 |     571 |  24.2 |      46 |       1 |   2.1
        D:8 |    2232 |     538 |  19.4 |      44 |       4 |   8.3
        D:9 |    1470 |       0 |   0.0 |      13 |       0 |   0.0
            +---------+---------+-------+---------+---------+-------
